 Dungeon Crawl Stone Soup version 0.31-a0-965-g8a8ce12e04 (webtiles) character file.

Game seed: 12024284703526314881

27 chunkyMonkey the Trooper (level 3, -5/40 HPs)
             Began as an Ogre Fighter on Oct 26, 2023.
             Slain by an ogre
             ... wielding a +0 giant spiked club
              (27 damage)
             ... on level 2 of the Dungeon.
             The game lasted 00:02:06 (970 turns).

chunkyMonkey the Trooper (Ogre Fighter)              Turns: 970, Time: 00:02:06

Health: -5/40      AC:  3    Str: 22    XL:     3   Next: 10%
Magic:  3/3        EV:  8    Int:  9    God:
Gold:   136        SH:  7    Dex:  8    Spells: 2/2 levels left

rFire   . . .        a - +0 war axe
rCold   + . .        c - +0 kite shield
rNeg    . . .        b - +0 robe
rPois   .            (helmet restricted)
rElec   .            (no cloak)
rCorr   .            (gloves unavailable)
SInv    .            (boots unavailable)
Will    .....        (no amulet)
Stlth   +            g - ring of protection from cold
HPRegen 0.26/turn    (no ring)
MPRegen 0.08/turn

%: no passive effects
@: mighty
A: large, unfitting armour, tough skin 1
a: no special abilities


You were on level 2 of the Dungeon.
You visited 1 branch of the dungeon, and saw 2 of its levels.

You collected 136 gold pieces.

Inventory:

Hand Weapons
 a - a +0 war axe (weapon)
Armour
 b - a +0 robe (worn)
 c - a +0 kite shield (worn)
Jewellery
 g - a ring of protection from cold (left hand)
Scrolls
 e - a scroll of enchant armour {unknown}
 f - a scroll of poison {unknown}
 h - a scroll of identify {unknown}
 i - a scroll of noise {unknown}
 j - a scroll of immolation {unknown}
 l - a scroll of summoning {unknown}
Potions
 d - a potion of might
 k - a potion of berserk rage {unknown}
 m - a potion of brilliance {unknown}


   Skills:
 * Level 4.6 Fighting
 + Level 2.2 Axes
 + Level 2.8 Dodging
 * Level 3.4 Shields


You had 2 spell levels left.
You didn't know any spells.
Your spell library contained the following spells:

 Spells                   Type           Power      Damage    Failure   Level
 Necrotise                Necr           0%         1d4       67%         1
 Vampiric Draining        Necr           0%         2d6       95%         3
 Agony                    Necr           0%         N/A       100%        5


Dungeon Overview and Level Annotations

Branches:
Dungeon (2/15)

Altars:


Innate Abilities, Weirdness & Mutations

You are too large for most types of armour.
You have tough skin. (AC +1)


Message History

No target in view!
No target in view!
No target in view!
No target in view!
No target in view!
No target in view!
There is a stone staircase leading down here.
Found an escape hatch in the floor.
There is an escape hatch in the floor here.
You now have 122 gold pieces (gained 14).
You see here a staff of death.
Found a beast talisman.
No target in view!
No target in view!
Found a stone staircase leading down.
Found a stone staircase leading up.
You see here a beast talisman.
Press: ? - help, . - travel You can't see that place.
Unknown command.
Unknown command.
You see here a beast talisman.
There is a stone staircase leading down here.
m - a lumpy cyan potion You now have 136 gold pieces (gained 14).
There is an open door here.
An ogre is nearby!
An ogre is nearby!
You aren't carrying any items that you can evoke.
You feel very mighty all of a sudden.
The ogre shouts!
You barely miss the ogre. The ogre closely misses you.
You barely miss the ogre.
The ogre hits you with a +0 giant spiked club!!
You barely miss the ogre. You block the ogre's attack.
You closely miss the ogre. The ogre barely misses you.
You barely miss the ogre.
The ogre hits you with a +0 giant spiked club!!
Ouch! That really hurt!
You die...

#####.#....# ...........#
.........#.# .........#.#
.........#.. .........####
.........# #####
##############...## #...#
#.........@O......####...#
##.#########....#...##...#
#.# #######.[..###.##...#
#.# #....##...รท###.##...#
#.###....##.............#
#........##....###......#
#####....##...........###
#....#....##.##...#
#....'....##.##...####


You could see an ogre.

Vanquished Creatures
  A dart slug (D:1)
  2 bats
  3 endoplasms (D:1)
  2 giant cockroaches
  A hobgoblin (D:1)
  4 quokkas
  5 ball pythons
  3 kobolds
  2 rats (D:1)
23 creatures vanquished.

Notes
Turn   | Place    | Note
-------+----------+-------------------------------------------
     0 | D:1      | chunkyMonkey the Ogre Fighter began the quest for the Orb.
     0 | D:1      | Reached XP level 1. HP: 24/24 MP: 1/1
   130 | D:1      | Reached XP level 2. HP: 30/32 MP: 2/2
   582 | D:2      | Noticed an ogre
   665 | D:2      | Reached XP level 3. HP: 30/40 MP: 3/3
   970 | D:2      | Slain by an ogre

Illustrated notes

Levels and vault maps discovered:
D:1:      dpeg_arrival_short_road, layout_rooms, minmay_crystal_room
D:2:      minmay_general_purpose_star, layout_basic

Action                     || total
---------------------------++-------
  Melee: War axe           ||    65
    Use: Potion            ||     1
 Armour: Robe              ||    54
  Dodge: Dodged            ||    33
  Block: Kite shield       ||    36

Table legend: (Time is in decaauts)
 A = Elapsed time spent in this place.
 B = Non-inter-level travel time spent in this place.
 C = Inter-level travel time spent in this place.
 D = Time resting spent in this place.
 E = Time spent auto-exploring this place.
 F = Levels seen in this place.
 G = Mean time per level.
                   A        B        C        D        E       F      G
               +--------+--------+--------+--------+--------+-----+--------+
         Total |   1004 |    957 |     47 |      0 |    712 |   2 |  502.0 |
       Dungeon |   1004 |    957 |     47 |      0 |    712 |   2 |  502.0 |
               +--------+--------+--------+--------+--------+-----+--------+

Top non-repeatable levels by time:
     D:1: 503 daAuts
     D:2: 501 daAuts
